 Dungeon Sprint DCSS version 0.28.0-43-g3370ac3207 (webtiles) character file.

Game seed: 17152679066086069038

26982 boopmooplesden the Minotaur Blade (level 13, -9/198 HPs)
             Began as a Minotaur Berserker on Mar 28, 2022.
             Was the Champion of Trog.
             Killed by an exploding ball lightning (10 damage)
             ... in the Dungeon (Sprint I: "Red Sonja").
             The game lasted 00:14:36 (5625 turns).

boopmooplesden the Minotaur Blade (MiBe)            Turns: 5625, Time: 00:14:37

Health: -9/198     AC: 24    Str: 25    XL:     13   Next: 1%
Magic:  10/10      EV:  2    Int:  4    God:    Trog [******]
Gold:   833        SH: 31    Dex:  9    Spells: 12/12 levels left

rFire   + + .      SeeInvis .   m - +10 double sword "Grim" {elec, rC++ Will+}
rCold   + + +      Faith    .   A - +18 shield of the Gong {rElec rN+ Will+ EV-5}
rNeg    + + +      Spirit   .   w - +0 gold dragon scales
rPois   +          Reflect  +   (helmet restricted)
rElec   +          Harm     +   t - scarf {harm}
rCorr   +          Rampage  +   n - +2 pair of gloves "Wywkeuj" {rN+}
Will    +....      Rage     1%  r - +2 pair of boots {rampage}
Stlth   .......... NoTele   +   u - amulet of reflection
HPRegen 0.43/turn               o - ring of Puiz {Fly rElec rPois rF+ Will-}
MPRegen 0.12/turn               p - ring "Peunas" {*Slow rN+ rCorr Str+3}

@: berserking (expiring), flying, unable to read, very quick
A: horns 2, retaliatory headbutt, hooves 1, iridescent scales 1, berserk 1,
clumsy 2, deformed body, deterioration 1, frail 1, low MP 1, weak 1, no potion
heal 1, subdued magic 1, inability to read while threatened
a: Renounce Religion, Berserk, Trog's Hand, Brothers in Arms


You were in the Dungeon.
You worshipped Trog.
Trog was exalted by your worship.
You visited 1 branch You collected 5428 gold pieces.
You spent 4595 gold pieces at shops.

Inventory:

Hand Weapons
 a - a +0 falchion
 b - a +5 vorpal triple sword
 m - the +10 double sword "Grim" (weapon) {elec, rC++ Will+}
   (You acquired it in the Dungeon)

   It occasionally discharges a powerful burst of electricity upon striking a
   foe.
   rC:        It greatly protects you from cold.
   Will:      It increases your willpower.
 v - a +4 antimagic demon blade
Armour
 l - the +2 scale mail "Vozxe" {rElec rC+}
   (You found it in the Dungeon)

   rC:        It protects you from cold.
   rElec:     It insulates you from electricity.
 n - the +2 pair of gloves "Wywkeuj" (worn) {rN+}
   (You acquired it in the Dungeon)

   rN:        It protects you from negative energy.
 r - a +2 pair of boots of rampaging (worn)
 t - a scarf of harm (worn)
 w - +0 gold dragon scales (worn)
 A - the +18 shield of the Gong (worn) {rElec rN+ Will+ EV-5}
   (You bought it in a shop in the Dungeon)

   It is deafeningly noisy when blocking attacks.
   EV:        It affects your evasion (-5).
   rElec:     It insulates you from electricity.
   rN:        It protects you from negative energy.
   Will:      It increases your willpower.
Jewellery
 o - the ring of Puiz (left hand) {Fly rElec rPois rF+ Will-}
   (You bought it in a shop in the Dungeon)

   [ring of flight]

   rF:        It protects you from fire.
   rElec:     It insulates you from electricity.
   rPois:     It protects you from poison.
   Fly:       It grants you flight.
   Will:      It decreases your willpower.
 p - the ring "Peunas" (right hand) {*Slow rN+ rCorr Str+3}
   (You bought it in a shop in the Dungeon)

   [ring of resist corrosion]

   Str:       It affects your strength (+3).
   rN:        It protects you from negative energy.
   rCorr:     It protects you from acid and corrosion.
   *Slow:     It may slow you when you take damage.
 u - an amulet of reflection (around neck)
 x - a +6 ring of strength
Wands
 i - a wand of flame (36)
Scrolls
 h - 2 scrolls of blinking
 j - a scroll of enchant weapon {unknown}
 q - 2 scrolls of identify {unknown}
 s - a scroll of magic mapping {unknown}
 y - a scroll of holy word {unknown}
Potions
 c - 4 potions of curing
 d - 5 potions of heal wounds
 e - a potion of haste
 f - 2 potions of magic
 g - a potion of berserk rage
 k - a potion of lignification {unknown}
 z - 3 potions of attraction {unknown}


   Skills:
 + Level 22.8 Fighting
 + Level 25.5 Long Blades
 + Level 16.5 Armour
 + Level 12.0 Dodging
 + Level 3.9 Stealth
 + Level 5.6 Shields
 + Level 1.1 Evocations


You had 12 spell levels left.
You didn't know any spells.
Your spell library was empty.

Dungeon Overview and Level Annotations

Branches:
Dungeon (1/1)

Altars:
Cheibriados
Dithmenos
Elyvilon
Fedhas
Gozag
Hepliaklqana
Kikubaaqudgha
Makhleb
Nemelex Xobeh
Okawaru
Qazlal
Ru
Sif Muna
Trog
Uskayaw
Vehumet
Wu Jian
Xom
Yredelemnul
Zin
The Shining One
Jiyva
Lugonu

Shops:
D *[:(*[?*?!*![=:*=*([[[

Annotations:
D Lom Lobon


Innate Abilities, Weirdness & Mutations

You have a pair of horns on your head.
You reflexively headbutt those who attack you in melee.
You have large cloven feet.
You are partially covered in iridescent scales. (AC +2)
You tend to lose your temper in combat.
You are very clumsy. (Dex -4)
Armour fits poorly on your strangely shaped body.
Your body sometimes deteriorates upon taking damage.
You are frail. (-10% HP)
Your magical capacity is low. (-10% MP)
You are weak. (Str -2)
Potions are less effective at restoring your health.
Your spells are a little easier to cast, but a little less powerful.
You sometimes lose the ability to read scrolls when taking damage.


Message History

The blast of lightning engulfs the ball lightning.
The ball lightning completely resists.
A ball lightning comes into view.
The ball lightning explodes!
The blast of lightning engulfs you! You resist.
* * * LOW HITPOINT WARNING * * *
The blast of lightning engulfs Lom Lobon.
Lom Lobon completely resists.
The blast of lightning engulfs the ball lightning.
The ball lightning completely resists.
Unknown command.
Unknown command.
Unknown command.
You barely miss Lom Lobon.
Lom Lobon is moderately wounded.
You are engulfed in whirling frost.
* * * LOW HITPOINT WARNING * * *
The ball lightning explodes!
The blast of lightning engulfs the ball lightning.
The ball lightning completely resists.
The blast of lightning engulfs Lom Lobon.
Lom Lobon completely resists.
The blast of lightning engulfs you! You resist.
* * * LOW HITPOINT WARNING * * *
Lom Lobon hits you but does no damage.
You are engulfed in whirling frost.
* * * LOW HITPOINT WARNING * * *
The ball lightning explodes!
The blast of lightning engulfs Lom Lobon.
Lom Lobon completely resists.
The blast of lightning engulfs you! You resist.
* * * LOW HITPOINT WARNING * * *
Lom Lobon gestures. 3 ball lightnings come into view.
Unknown command.
You feel a strong urge to attack something.
You are engulfed in whirling frost.
The ball lightning explodes!
The blast of lightning engulfs the ball lightning.
The ball lightning completely resists.
The blast of lightning engulfs you! You resist.
You die...

##..○......#.#.'..##......§...##
['......####'#.##'##..........#
###...###.)))#.#≈≈≈##........##
.(#####...#### #≈≈≈≈##)...).##
........### #≈≈≈≈≈########
....##### ####≈≈≈≈#≈≈≈ ...##
#§§#*≈≈≈'≈≈. ..## #§§&##≈≈#≈≈≈
..# #*§@§######' ### #§§§§# ≈≈≈
###### #### ..' ####


You could see Lom Lobon (vortex) and 2 ball lightnings.

Vanquished Creatures
  the Lernaean hydra (D)
  A golden dragon (D)
  A shadow dragon (D)
  4 fire giants (D)
  A deep elf annihilator (D)
  A lorocyproca (D)
  A mummy priest (D)
  A hydra (D)
  2 centaur warriors (D)
  Sonja (D)
  A deep troll (D)
  A lindwurm (D)
  2 oklob plants (D)
  8 shining eyes (D)
  2 merfolk sirens (D)
  4 demonic crawlers (D)
  2 gargoyles (D)
  7 unseen horrors (D)
  2 kobold demonologists (D)
  5 hornets (D)
  A slime creature (D)
  Sigmund (D)
  13 hogs (D)
  A yak (D)
  2 redbacks (D)
  7 floating eyes (D)
  7 necrophages (D)
  An ogre (D)
  8 jellies (D)
  Ijyb (D)
90 creatures vanquished.

Vanquished Creatures (others)
  A hellwing (D)
  7 ball lightnings (D)
  2 ballistomycete spores (D)
10 creatures vanquished.

Grand Total: 100 creatures vanquished

Notes
Turn   | Place    | Note
-------+----------+-------------------------------------------
     0 | D        | boopmooplesden the Minotaur Berserker began the quest for
                  | the Orb.
     0 | D        | Reached XP level 1. HP: 19/19 MP: 0/0
     2 | D        | Noticed Ijyb
    10 | D        | Killed Ijyb
    11 | D        | Reached skill level 5 in Fighting
    11 | D        | Reached skill level 5 in Long Blades
    11 | D        | Reached XP level 2. HP: 20/30 MP: 1/1
   164 | D        | Noticed an ogre
   167 | D        | Killed an ogre
   168 | D        | Reached skill level 7 in Long Blades
   168 | D        | Reached XP level 3. HP: 40/40 MP: 2/2
   168 | D        | Reached XP level 4. HP: 48/48 MP: 3/3
   303 | D        | Noticed Sigmund
   309 | D        | Killed Sigmund
   309 | D        | Reached ** piety under Trog
   310 | D        | Reached skill level 10 in Fighting
   310 | D        | Reached skill level 10 in Long Blades
   310 | D        | Reached skill level 5 in Armour
   310 | D        | Reached skill level 1 in Stealth
   310 | D        | Reached XP level 5. HP: 49/58 MP: 4/4
   310 | D        | Reached XP level 6. HP: 56/66 MP: 5/5
   426 | D        | Found a burning altar of Makhleb.
   426 | D        | Found a viscous altar of Jiyva.
   426 | D        | Found a shimmering altar of Xom.
   426 | D        | Found a corrupted altar of Lugonu.
   426 | D        | Noticed a slime creature
   433 | D        | Killed a slime creature
   434 | D        | Reached skill level 11 in Long Blades
   434 | D        | Reached skill level 5 in Dodging
   472 | D        | Noticed a kobold demonologist
   472 | D        | Noticed a floating eye
   474 | D        | Noticed a kobold demonologist
   481 | D        | Killed a kobold demonologist
   481 | D        | Paralysed by a floating eye for 4 turns
   482 | D        | Reached skill level 12 in Long Blades
   482 | D        | Reached XP level 7. HP: 77/77 MP: 6/6
   483 | D        | Noticed a chaos spawn
   487 | D        | Reached *** piety under Trog
   488 | D        | Reached skill level 13 in Long Blades
   492 | D        | Killed a kobold demonologist
   493 | D        | Reached XP level 8. HP: 86/86 MP: 7/7
   537 | D        | Found a shimmering blue altar of Sif Muna.
   538 | D        | Found an ornate altar of the Wu Jian Council.
   539 | D        | Found a radiant altar of Vehumet.
   556 | D        | Identified the +2 scale mail "Vozxe" {rElec rC+}
   590 | D        | Found Roeptept's Antique Weapon Emporium.
   590 | D        | Found an ancient bone altar of Kikubaaqudgha.
   590 | D        | Found a hazy altar of Hepliaklqana.
   590 | D        | Found a hide-covered altar of Uskayaw.
   590 | D        | Found a basalt altar of Yredelemnul.
   590 | D        | Found an opulent altar of Gozag.
   590 | D        | Found a snail-covered altar of Cheibriados.
   590 | D        | Found a sacrificial altar of Ru.
   590 | D        | Found a shadowy altar of Dithmenos.
   594 | D        | Reached **** piety under Trog
   595 | D        | Reached skill level 14 in Long Blades
   595 | D        | Found a stormy altar of Qazlal.
   595 | D        | Found a blossoming altar of Fedhas.
   595 | D        | Found a bloodstained altar of Trog.
   595 | D        | Found an iron altar of Okawaru.
   595 | D        | Found a glowing golden altar of the Shining One.
   595 | D        | Found a glowing silver altar of Zin.
   595 | D        | Found a white marble altar of Elyvilon.
   596 | D        | Found a sparkling altar of Nemelex Xobeh.
   600 | D        | Bought a runed triple sword for 260 gold pieces
   609 | D        | Noticed a centaur warrior
   609 | D        | Noticed a centaur warrior
   617 | D        | Killed a centaur warrior
   618 | D        | Reached skill level 15 in Long Blades
   624 | D        | Killed a centaur warrior
   625 | D        | Reached skill level 15 in Fighting
   625 | D        | Reached skill level 16 in Long Blades
   625 | D        | Reached XP level 9. HP: 33/97 MP: 8/8
   914 | D        | Paralysed by a hornet for 3 turns
  1096 | D        | Noticed a deep troll
  1100 | D        | Killed a deep troll
  1101 | D        | Reached skill level 17 in Long Blades
  1112 | D        | Found Etits's Armour Emporium.
  1349 | D        | Noticed an oklob plant
  1354 | D        | Killed an oklob plant
  1542 | D        | Reached ***** piety under Trog
  1574 | D        | Killed an unseen horror
  1575 | D        | Reached XP level 10. HP: 108/108 MP: 9/9
  1579 | D        | Reached skill level 18 in Long Blades
  1626 | D        | Reached skill level 10 in Armour
  1630 | D        | Received a gift from Trog
  1662 | D        | Reached ****** piety under Trog
  1664 | D        | Received a gift from Trog
  1683 | D        | Found Vonoc's General Store.
  1683 | D        | Found Asilaam's Magic Scroll Shop.
  1683 | D        | Found Riuhohat's Magic Scroll Boutique.
  1685 | D        | Found Pyttess's Distillery.
  1685 | D        | Found Ynuiggiz's Assorted Antiques.
  1685 | D        | Found Zare's Distillery.
  1685 | D        | Found Yqiusygixe's Armour Boutique.
  1685 | D        | Found Hysseor's Jewellery Emporium.
  1685 | D        | Found Jakkes's Book Shop.
  1685 | D        | Found Hinoja's General Store.
  1689 | D        | Bought a scroll of acquirement for 676 gold pieces
  1689 | D        | Acquired the +10 double sword "Grim" {elec, rC++ Will+}
  1694 | D        | Bought a scroll of acquirement for 572 gold pieces
  1694 | D        | Acquired the +2 pair of gloves "Wywkeuj" {rN+}
  1701 | D        | Found Icwas Lih's Jewellery Boutique.
  1702 | D        | Found Umidd's Weapon Emporium.
  1702 | D        | Found Mepsesih's Assorted Antiques.
  1703 | D        | Found Obyguhig's Antique Armour Emporium.
  1706 | D        | Bought the ring of Puiz {Fly rElec rPois rF+ Will-} for 385
                  | gold pieces
  1707 | D        | Bought the ring "Peunas" {*Slow rN+ rCorr Str+3} for 319
                  | gold pieces
  1749 | D        | Noticed Sonja
  1753 | D        | Killed Sonja
  1754 | D        | Reached skill level 19 in Long Blades
  1754 | D        | Reached skill level 10 in Dodging
  1941 | D        | Found Fuforit's General Store.
  1955 | D        | Noticed a shining eye
  1955 | D        | Noticed a shining eye
  1955 | D        | Noticed a shining eye
  1955 | D        | Gained mutation: You have hidden genetic defects. [a
                  | shining eye]
  1956 | D        | Noticed a shining eye
  1958 | D        | Paralysed by a floating eye for 2 turns
  1959 | D        | Noticed a shining eye
  1960 | D        | Gained mutation: Your body sometimes deteriorates upon
                  | taking damage. [a shining eye]
  1970 | D        | Gained mutation: You have terrible hidden genetic defects.
                  | [a shining eye]
  1971 | D        | Killed a shining eye
  1972 | D        | Paralysed by a floating eye for 3 turns
  1976 | D        | Lost mutation: You have terrible hidden genetic defects. [a
                  | shining eye]
  1979 | D        | Killed a shining eye
  1981 | D        | Killed a shining eye
  1981 | D        | Paralysed by a floating eye for 4 turns
  1982 | D        | Reached skill level 20 in Long Blades
  1982 | D        | Gained mutation: You sometimes lose the ability to read
                  | scrolls when taking damage. [hidden defects]
  1983 | D        | Gained mutation: You have terrible hidden genetic defects.
                  | [a shining eye]
  1984 | D        | Gained mutation: You are frail. (-10% HP) [a shining eye]
  1987 | D        | Killed a shining eye
  1987 | D        | Received a gift from Trog
  2023 | D        | Noticed a shining eye
  2023 | D        | Gained mutation: Armour fits poorly on your strangely
                  | shaped body. [a shining eye]
  2024 | D        | Noticed a shining eye
  2024 | D        | Noticed a shining eye
  2025 | D        | Paralysed by a floating eye for 2 turns
  2027 | D        | Gained mutation: You have large cloven feet. [a shining
                  | eye]
  2029 | D        | Gained mutation: Potions are less effective at restoring
                  | your health. [a shining eye]
  2032 | D        | Gained mutation: Your spells are a little easier to cast,
                  | but a little less powerful. [a shining eye]
  2034 | D        | Gained mutation: You are clumsy. (Dex -2) [a shining eye]
  2035 | D        | Paralysed by a floating eye for 4 turns
  2039 | D        | Gained mutation: You are partially covered in iridescent
                  | scales. (AC +2) [a shining eye]
  2040 | D        | Killed a shining eye
  2041 | D        | Reached XP level 11. HP: 106/106 MP: 10/10
  2044 | D        | Killed a shining eye
  2045 | D        | Reached skill level 21 in Long Blades
  2046 | D        | Gained mutation: You tend to lose your temper in combat.
                  | [hidden defects]
  2046 | D        | Lost mutation: You have terrible hidden genetic defects.
                  | [hidden defects expressed]
  2048 | D        | Killed a shining eye
  2049 | D        | Gained mutation: You are very clumsy. (Dex -4) [a shining
                  | eye]
  2051 | D        | Killed a shining eye
  2061 | D        | Found Unyffeyri's Assorted Antiques.
  2061 | D        | Found Oppemu's Armour Shoppe.
  2061 | D        | Found Mafru's Antique Armour Boutique.
  2061 | D        | Found Othioly's Book Emporium.
  2077 | D        | Bought a +2 pair of boots of rampaging for 301 gold pieces
  2138 | D        | Reached skill level 22 in Long Blades
  2138 | D        | Received a gift from Trog
  2157 | D        | Gained mutation: You are weak. (Str -2) [hidden defects]
  2182 | D        | Noticed a lindwurm
  2186 | D        | Killed a lindwurm
  2338 | D        | Received a gift from Trog
  2350 | D        | Reached skill level 23 in Long Blades
  2353 | D        | Received a gift from Trog
  2362 | D        | Gained mutation: Your magical capacity is low. (-10% MP)
                  | [hidden defects]
  2362 | D        | Lost mutation: You have hidden genetic defects. [hidden
                  | defects expressed]
  2602 | D        | Noticed a 12-headed hydra
  2604 | D        | Killed a 14-headed hydra
  2605 | D        | Paralysed by a floating eye for 3 turns
  2726 | D        | Killed a lorocyproca
  3453 | D        | Bought a glowing scarf for 200 gold pieces
  3472 | D        | Bought an amulet of reflection for 300 gold pieces
  3546 | D        | Noticed a daeva
  3806 | D        | Reached XP level 12. HP: 72/119 MP: 9/9
  3970 | D        | Noticed a fire giant
  3978 | D        | Noticed a fire giant
  3983 | D        | Killed a fire giant
  3983 | D        | Received a gift from Trog
  3984 | D        | Reached skill level 24 in Long Blades
  3986 | D        | Killed a fire giant
  3987 | D        | Reached skill level 1 in Shields
  4050 | D        | Noticed a fire giant
  4076 | D        | Noticed a fire giant
  4080 | D        | Killed a fire giant
  4083 | D        | Killed a fire giant
  4083 | D        | Received a gift from Trog
  4559 | D        | Noticed a deep elf annihilator
  4578 | D        | Killed a deep elf annihilator
  4582 | D        | Identified the +9 short sword "Ajinwu" {flame, *Slow rF++
                  | rC+ rCorr} (Trog gifted it to you in the Dungeon)
  4582 | D        | Received a gift from Trog
  4593 | D        | Reached skill level 15 in Armour
  5054 | D        | Noticed a mummy priest
  5066 | D        | Killed a mummy priest
  5068 | D        | Received a gift from Trog
  5069 | D        | Reached skill level 25 in Long Blades
  5074 | D        | Identified the +2 ring mail of Submission {+Inv}
  5113 | D        | Noticed a golden dragon
  5115 | D        | Noticed a shadow dragon
  5125 | D        | Killed a shadow dragon
  5126 | D        | Killed a golden dragon
  5127 | D        | Reached skill level 1 in Evocations
  5211 | D        | Found Fuch's Antique Armour Shoppe.
  5327 | D        | Bought the +18 shield of the Gong {rElec rN+ Will+ EV-5}
                  | for 1362 gold pieces
  5327 | D        | Found the +18 shield of the Gong {rElec rN+ Will+ EV-5}
  5341 | D        | Bought a potion of heal wounds for 55 gold pieces
  5341 | D        | Bought a potion of heal wounds for 55 gold pieces
  5341 | D        | Bought a potion of heal wounds for 55 gold pieces
  5341 | D        | Bought a potion of heal wounds for 55 gold pieces
  5428 | D        | Noticed the 27-headed Lernaean hydra
  5438 | D        | Killed the 27-headed Lernaean hydra
  5439 | D        | Reached skill level 5 in Shields
  5439 | D        | Reached XP level 13. HP: 40/132 MP: 10/10
  5614 | D        | Noticed Lom Lobon
  5624 | D        | HP: 1/198 [spore (16)]
  5625 | D        | Killed by an exploding ball lightning

Illustrated notes

Levels and vault maps discovered:
D:        dungeon_sprint_1 [red_sonja_temple_1, red_sonja_temple_small_1]

Skill      XL: |  1  2  3  4  5  6  7  8  9 10 11 12 |
---------------+-------------------------------------+-----
Fighting       | 5 7 10 12 13 15 16 17 20 22 | 22.8
Long Blades    | 5 7 10 12 13 16 17 20 23 25 | 25.5
Armour         | 3 4 5 6 7 8 9 11 13 16 | 16.5
Dodging        | 3 4 6 8 9 10 11 12 | 12.0
Stealth        | 1 2 3 |  3.9
Shields        | 5 |  5.6
Evocations     | 1 |  1.1

Action                   |  1- 3 |  4- 6 |  7- 9 | 10-12 | 13-15 || total
-------------------------+-------+-------+-------+-------+-------++-------
Melee: Falchion          |     9 |    17 |    13 |       |       ||    39
       Headbutt          |     2 |     1 |     5 |    43 |     1 ||    52
       Triple sword      |       |       |    30 |    28 |       ||    58
       Double sword      |       |       |       |   145 |     8 ||   153
       Kick              |       |       |       |     2 |       ||     2
       Punch             |       |       |       |     3 |       ||     3
Invok: Berserk           |     2 |     2 |     4 |    11 |     1 ||    20
Evoke: Wand              |       |       |       |     1 |       ||     1
  Use: Scroll            |       |       |       |     2 |       ||     2
Armor: Leather armour    |       |     2 |     2 |       |       ||     4
       Scale mail        |       |       |    24 |    68 |       ||    92
       Gold dragon scale |       |       |       |    38 |     1 ||    39
Dodge: Dodged            |     3 |     1 |    20 |    78 |       ||   102
Block: Other             |       |       |       |    16 |       ||    16
       Kite shield       |       |       |       |    17 |     2 ||    19
